 Dungeon Crawl Stone Soup version 0.31-a0-977-gc230f8ef24 (webtiles) character file.

Game seed: 6921233504060999260

46 timneilson the Changeling (level 3, -2/23 HPs)
             Began as an Octopode Shapeshifter on Oct 29, 2023.
             Slain by an iguana (13 damage)
             ... on level 3 of the Dungeon.
             The game lasted 00:03:17 (1982 turns).

timneilson the Changeling (Octopode Shapeshifter)   Turns: 1982, Time: 00:03:17

Health: -2/23      AC:  1    Str: 15    XL:     3   Next: 66%
Magic:  3/3        EV: 13    Int: 12    God:
Gold:   168        SH:  0    Dex: 11    Spells: 2/3 levels left

rFire   . .          .
                       - Unarmed
rCold   . . .        (no shield)
rNeg    . . .        (helmet currently unavailable)
rPois   .            (no amulet)
rElec   .            (no ring)
rCorr   .            (no ring)
SInv    .            (no ring)
Will    .....        (no ring)
Stlth   +++          (no ring)
HPRegen 0.23/turn    (no ring)
MPRegen 0.08/turn    (no ring)
                     (no ring)

%: no passive effects
@: beast-form
A: beast (slay +1), almost no armour, amphibious, 8 rings, camouflage 1,
gelatinous body 1, (nimble swimmer 1), tentacles
a: Begin Untransformation


You were on level 3 of the Dungeon.
You were a hulking beast.
You visited 1 branch of the dungeon, and saw 3 of its levels.

You collected 168 gold pieces.

Inventory:

Talismans
 b - a beast talisman
 c - a flux talisman
Scrolls
 g - a scroll of identify
 h - a scroll of poison
 j - 2 scrolls of fear
 k - a scroll of teleportation {unknown}
 l - a scroll of fog
Potions
 a - 2 potions of lignification
 d - a potion of curing {unknown}
 e - 2 potions of might {unknown}
 f - 2 potions of heal wounds {unknown}
 i - 2 potions of mutation {unknown}


   Skills:
 * Level 1.5 Fighting
 * Level 2.4 Dodging
 + Level 1.3 Stealth
 * Level 3.2 Unarmed Combat
 + Level 0.5 Spellcasting
 + Level 0.3 Conjurations
 + Level 0.2 Air Magic
 * Level 3.2 Shapeshifting


You had 2 spell levels left.
You knew the following spells:

 Your Spells              Type           Power      Damage    Failure   Level
a - Shock                 Conj/Air       4%         1d3       28%         1

Your spell library contained the following spells:

 Spells                   Type           Power      Damage    Failure   Level
 Lesser Beckoning         Tloc           0%         N/A       43%         2
 Swiftness                Air            0%         N/A       65%         3
 Gell's Gravitas          Tloc           0%         N/A       67%         3
 Teleport Other           Tloc           0%         N/A       67%         3
 Airstrike                Air            0%         2d(0-16)  96%         4


Dungeon Overview and Level Annotations

Branches:
Dungeon (3/15)

Altars:
Nemelex Xobeh

Shops:
D:1 =   D:3 :


Innate Abilities, Weirdness & Mutations

You are a hulking beast.
Your limbs bulge with bestial killing power. (Slay +1)
You cannot wear most types of armour.
You are amphibious.
You can wear up to eight rings at the same time.
Your skin changes colour to match your surroundings (Stealth+).
Your rubbery body absorbs attacks. (AC +1, EV +1)
((You are camouflaged when in or above water. (Stealth+)))
You have tentacles for arms and can constrict up to eight enemies at once.


Message History

The ball python constricts you.
You tentacle-slap the ball python. You grab the ball python.
The ball python is moderately wounded.
You constrict the ball python.
You kill the ball python!
j - 2 scrolls of fear (gained 1)
A goblin comes into view. It is wielding a +0 dagger.
Found 6 gold pieces.
The helpless goblin fails to defend itself.
You tentacle-slap the goblin. You grab the goblin. You squeeze the goblin.
You kill the goblin!
Things that are here:
a +0 dagger; a goblin corpse
l - a scroll of fog You now have 154 gold pieces (gained 6).
A rat comes into view.
Found 14 gold pieces.
The rat moves out of view.
You tentacle-slap the rat but do no damage.
You grab the rat. You squeeze the rat, but do no damage. You constrict the rat.
The rat closely misses you.
You bludgeon the rat!
You kill the rat!
The rat barely misses you.
You tentacle-slap the rat.
You kill the rat!
You now have 168 gold pieces (gained 14).
A quokka comes into view.
An iguana comes into view.
The iguana hisses angrily.
A jackal comes into view.
You barely miss the iguana. You grab the iguana. You constrict the iguana.
The iguana bites you.
You tentacle-slap the iguana but do no damage.
The iguana is lightly wounded.
You constrict the iguana. The jackal bites you. The iguana bites you.
You tentacle-slap the iguana but do no damage.
The iguana is moderately wounded.
You constrict the iguana.
The jackal bites you. x2; The iguana bites you!
Ouch! That really hurt!
You die...

##.#.#.# #.##
...........#
##.#.#.#r#.##
#.#...........#
#.##>#.#.#.#.#
#####.#..........
#......#(#.#.#.#.##
#...........hl....#
###......#.#.#h#.#.##
###..................
....#......#.#.#.#.#.#
.####...รท....####..#
# ..##########......##
#..#########.<#####
.....#.........#
######.######..#######


You could see an iguana and a jackal.

Vanquished Creatures
  3 dart slugs
  7 bats
  2 endoplasms
  2 giant cockroaches
  5 goblins
  4 hobgoblins
  3 quokkas
  A ball python (D:3)
  3 frilled lizards
  7 rats
37 creatures vanquished.

Notes
Turn   | Place    | Note
-------+----------+-------------------------------------------
     0 | D:1      | timneilson the Octopode Shapeshifter began the quest for
                  | the Orb.
     0 | D:1      | Reached XP level 1. HP: 13/13 MP: 1/1
   292 | D:1      | Reached XP level 2. HP: 18/18 MP: 2/2
   457 | D:1      | Found Nuovvici's Jewellery Shoppe.
   471 | D:1      | Reached skill level 1 in Stealth
   667 | D:1      | Learned a level 1 spell: Shock
   748 | D:1      | Reached XP level 3. HP: 9/23 MP: 3/3
  1208 | D:2      | Found a sparkling altar of Nemelex Xobeh.
  1561 | D:3      | Found a faded altar of an unknown god.
  1616 | D:3      | Found Ifuvam's Vocational Training.
  1982 | D:3      | Slain by an iguana

Illustrated notes

Levels and vault maps discovered:
D:1:      dpeg_arrival_rhombus, layout_loops_corners, serial_shops, shop
D:2:      layout_basic, basic_altar
D:3:      layout_rooms, ebering_ecumenical_altar_petrified, st_stairs_11,
          minmay_misc_feat_square, nicolae_shop_vocational

Skill      XL: |  1  2 |
---------------+-------+-----
Stealth        | 1 |  1.3
Fighting       | |  1.5
Dodging        | |  2.4
Unarmed Combat | |  3.2
Spellcasting   | |  0.5
Conjurations   | |  0.3
Air Magic      | |  0.2
Shapeshifting  | |  3.2

Action                     || total
---------------------------++-------
  Melee: Unarmed           ||    69
         Constrict         ||    18
         Tentacles         ||    12
         Punch             ||     3
    Use: Scroll            ||     6
   Stab: Sleeping          ||    12
 Armour: Skin              ||    24
  Dodge: Dodged            ||    31

Table legend: (Time is in decaauts)
 A = Elapsed time spent in this place.
 B = Non-inter-level travel time spent in this place.
 C = Inter-level travel time spent in this place.
 D = Time resting spent in this place.
 E = Time spent auto-exploring this place.
 F = Levels seen in this place.
 G = Mean time per level.
                   A        B        C        D        E       F      G
               +--------+--------+--------+--------+--------+-----+--------+
         Total |   1977 |   1926 |     51 |     43 |   1495 |   3 |  659.0 |
       Dungeon |   1977 |   1926 |     51 |     43 |   1495 |   3 |  659.0 |
               +--------+--------+--------+--------+--------+-----+--------+

Top non-repeatable levels by time:
     D:1: 1028 daAuts
     D:2: 506 daAuts
     D:3: 443 daAuts
